 Dungeon Crawl Stone Soup version 0.25.0-9-g26727b657a (webtiles) character file.

Game seed: 818512726864413674

187 kitty14015 the Shield-Bearer (level 5, -2/33 HPs)
             Began as a Gargoyle Fighter on June 18, 2020.
             Was an Initiate of the Shining One.
             Killed by nerve-wracking pain
             ... invoked by an orc priest
              (3 damage)
             ... on level 4 of the Dungeon.
             The game lasted 00:05:30 (2421 turns).

kitty14015 the Shield-Bearer (Gargoyle Fighter)     Turns: 2421, Time: 00:05:30

Health: -2/33      AC: 12    Str: 21    XL:     5   Next: 66%
Magic:  5/5        EV:  7    Int:  8    God:    the Shining One [......]
Gold:   174        SH:  9    Dex:  9    Spells: 4/4 levels left

rFire    . . .     SeeInvis .   a - +0 flail
rCold    . . .     Gourm    .   c - +0 kite shield
rNeg     + . .     Faith    .   b - +0 scale mail
rPois    ∞         Spirit   .   (no helmet)
rElec    +         Reflect  .   (no cloak)
rCorr    .         Harm     .   (no gloves)
MR       .....                  e - +0 pair of boots
Stlth    ..........             (no amulet)
HPRegen  0.11/turn              (no ring)
MPRegen  0.09/turn              (no ring)

@: mighty, glowing
A: negative energy resistance 1, electricity resistance, unbreathing,
petrification resistance, rot immunity, AC +4
a: Renounce Religion


You were on level 4 of the Dungeon.
You worshipped the Shining One.
The Shining One was noncommittal.
You were not hungry.

You visited 1 branch of the dungeon, and saw 4 of its levels.

You collected 174 gold pieces.

Inventory:

Hand Weapons
 a - a +0 flail (weapon)
Missiles
 h - 7 atropa-tipped darts
 r - 15 poisoned darts (quivered)
Armour
 b - a +0 scale mail (worn)
 c - a +0 kite shield (worn)
 e - a +0 pair of boots (worn)
Scrolls
 g - a scroll of noise {unknown}
 i - a scroll of enchant armour {unknown}
 j - a scroll of fog {unknown}
 k - 2 scrolls of teleportation
 m - a scroll of fear {unknown}
 n - a scroll of identify {unknown}
 o - a scroll of amnesia {unknown}
Potions
 d - a potion of might
 l - a potion of stabbing {unknown}
 p - a potion of degeneration {unknown}
 q - a potion of flight {unknown}
Comestibles
 f - 7 rations
 s - a chunk of flesh


   Skills:
 + Level 4.2 Fighting
 + Level 3.5 Maces & Flails
 + Level 0.5 Throwing
 + Level 3.9 Armour
 - Level 0.3 Dodging
 + Level 0.3 Stealth
 + Level 4.5 Shields


You had 4 spell levels left.
You didn't know any spells.
Your spell library contained the following spells:

 Spells                   Type           Power        Failure   Level  Hunger
 Animate Skeleton         Necr           N/A          99%         1    ##.....
 Apportation              Tloc           #.....       99%         1    ##.....
 Corona                   Hex            #......      99%         1    ##.....
 Summon Small Mammal      Summ           #...         99%         1    ##.....


Dungeon Overview and Level Annotations

Branches:
Dungeon (4/15)
 Temple: D:4-7

Altars:
Ashenzari
Ru
The Shining One


Innate Abilities, Weirdness & Mutations

You are resistant to torment.
Your stone body is resilient. (AC +4)
You are immune to poison.
You resist negative energy. (rN+)
You are resistant to electric shocks. (rElec)
You can survive without breathing.
You are immune to petrification.
You are immune to rotting.


Message History

You barely miss the orc priest.
The orc priest hits you with a cursed -2 hand axe.
* * * LOW HITPOINT WARNING * * *
The orc hits you but does no damage.
You hit the orc priest but do no damage.
The orc priest hits you but does no damage.
You block the orc's attack.
You barely miss the orc priest.
The orc priest hits you but does no damage.
The orc hits you with a +0 falchion.
* * * LOW HITPOINT WARNING * * *
You feel very mighty all of a sudden. You block the orc priest's attack.
You block the orc's attack.
Throwing (i - inventory. (/) - cycle)
r - 15 poisoned darts (quivered)
Press: ? - help, Shift-Dir - straight line
Okay, then.
You closely miss the orc priest.
The orc priest invokes the aid of Beogh against you.
Pain shoots through your body!
You die...

......................
........................
........................
...)..?.................
........................
........................
........................
........................
......o@................
......o.................
........................
.......................
.......................
.......................
.......................
.......................
.................


You could see an orc priest and an orc.

Vanquished Creatures
  An ogre (D:4)
  A worker ant (D:4)
  3 adders
  A dart slug (D:2)
  2 leopard geckos
  2 orcs (D:4)
  7 bats
  5 giant cockroaches
  7 goblins
  4 hobgoblins
  4 jackals
  A quokka (D:3)
  3 frilled lizards
  3 kobolds
  6 rats
50 creatures vanquished.

Notes
Turn   | Place    | Note
-------+----------+-------------------------------------------
     0 | D:1      | kitty14015 the Gargoyle Fighter began the quest for the
                  | Orb.
     0 | D:1      | Reached XP level 1. HP: 14/14 MP: 1/1
   167 | D:1      | Reached XP level 2. HP: 19/19 MP: 2/2
   583 | D:1      | Found a glowing golden altar of the Shining One.
   590 | D:1      | Became a worshipper of the Shining One
   792 | D:2      | Reached XP level 3. HP: 19/24 MP: 3/3
  1296 | D:3      | Found a sacrificial altar of Ru.
  1473 | D:3      | Found a shattered altar of Ashenzari.
  1533 | D:3      | Reached XP level 4. HP: 29/29 MP: 4/4
  1816 | D:4      | Noticed an ogre
  1839 | D:4      | Killed an ogre
  1839 | D:4      | Reached XP level 5. HP: 11/33 MP: 5/5
  2419 | D:4      | HP: 1/33 [orc/+0 falchion (1)]
  2421 | D:4      | Killed from afar by an orc priest

Illustrated notes

Levels and vault maps discovered:
D:1:      dpeg_arrival_radiant, layout_loops_ring, minmay_misc_feat_tower,
          tso_altar
D:2:      layout_rooms
D:3:      layout_rooms, lemuel_round_altar, lemuel_round_altar,
          uniq_crazy_yiuf_cottage
D:4:      layout_layer_cave

Skill      XL: |  1  2  3  4 |
---------------+-------------+-----
Fighting       | 4 |  4.2
Maces & Flails | 3 |  3.5
Shields        | 4 |  4.5
Throwing       | |  0.5
Armour         | |  3.9
Dodging        | |  0.3
Stealth        | |  0.3

Action                   |  1- 3 |  4- 6 || total
-------------------------+-------+-------++-------
Melee: Flail             |   163 |    77 ||   240
Throw: Dart              |       |     9 ||     9
  Use: Scroll            |     1 |       ||     1
       Potion            |       |     1 ||     1
  Eat: Chunk             |     2 |     1 ||     3
       Ration            |       |     1 ||     1
Armor: Scale mail        |   120 |    46 ||   166
Dodge: Dodged            |    62 |    28 ||    90
Block: Kite shield       |   117 |    52 ||   169
